 Dungeon Crawl Stone Soup version 0.31-a0-354-g827e0957a7 (webtiles) character file.

Game seed: 13664879708057061948

100 Flugkiller the Ruffian (level 4, -2/37 HPs)
             Began as a Demigod Shapeshifter on July 23, 2023.
             Killed by nerve-wracking pain
             ... invoked by an orc priest
              (7 damage)
             ... on level 3 of the Dungeon.
             The game lasted 00:02:49 (2109 turns).

Flugkiller the Ruffian (Demigod Shapeshifter)       Turns: 2109, Time: 00:02:49

Health: -2/37      AC:  6    Str: 20    XL:     4   Next: 23%
Magic:  6/6        EV: 11    Int: 10    God:
Gold:   76         SH:  5    Dex: 14    Spells: 3/3 levels left

rFire   . .          .
                       - Unarmed
rCold   . . .        (no shield)
rNeg    . . .        j - +1 ring mail "Baegoudd" {Regen+}
rPois   .            (helmet currently unavailable)
rElec   .            (cloak currently unavailable)
rCorr   .            (gloves currently unavailable)
SInv    .            (boots currently unavailable)
Will    .....        a - amulet of reflection
Stlth   +            (no ring)
HPRegen 1.06/turn    (no ring)
MPRegen 0.10/turn

%: reflection
@: beast-form
A: beast (slay +1), high MP 1, forlorn, divine attributes
a: Begin Untransformation


You were on level 3 of the Dungeon.
You were a hulking beast.
You visited 1 branch of the dungeon, and saw 3 of its levels.

You collected 76 gold pieces.

Inventory:

Armour
 j - the +1 ring mail "Baegoudd" (worn) {Regen+}
   (You found it on level 2 of the Dungeon)

   Regen:     It increases your rate of health regeneration.
Jewellery
 a - an amulet of reflection (around neck)
   (You acquired it on level 2 of the Dungeon)
Talismans
 c - a beast talisman
Scrolls
 f - a scroll of enchant weapon
 i - a scroll of poison
 k - a scroll of enchant armour {unknown}
Potions
 b - a potion of lignification
 d - 3 potions of might
 e - 2 potions of brilliance
 g - 2 potions of curing {unknown}


   Skills:
 + Level 2.8 Fighting
 - Level 1.7 Dodging
 + Level 3.9 Unarmed Combat
 - Level 2.6 Shapeshifting


You had 3 spell levels left.
You didn't know any spells.
Your spell library contained the following spells:

 Spells                   Type           Power      Damage    Failure   Level
 Vhi's Electric Charge    Tloc/Air       0%         N/A       89%         3
 Arcjolt                  Conj/Air       0%         1d10      100%        5
 Maxwell's Capacitive Co  Air            0%         ∞         100%        8


Dungeon Overview and Level Annotations

Branches:
Dungeon (3/15) Zot: 15870


Innate Abilities, Weirdness & Mutations

You are a hulking beast.
Your limbs bulge with bestial killing power. (Slay +1)
You have an increased reservoir of magic. (+10% MP)
You shall have no god before yourself.
Your divine heritage dramatically boosts your attributes as you level up.


Message History

(D) Dungeon
Where to? (Enter - D:2, ? - help)
There is a stone staircase leading down here.
You climb downwards.
The jackal barks! x4
Found 11 gold pieces.
Found a stone staircase leading down.
There is a stone staircase leading up here.
There are monsters nearby!
Unknown command.
There are monsters nearby!
The jackal barely misses you. x2
The jackal bites you but does no damage.
You block the jackal's attack.
You hit the jackal.
The jackal is heavily wounded.
You closely miss the jackal. The jackal completely misses you.
You closely miss the jackal. The jackal misses you.
You punch the jackal!
You kill the jackal!
You punch the jackal!
You kill the jackal!
The jackal barely misses you.
You hit the jackal.
The jackal is heavily wounded.
The jackal barely misses you.
You hit the jackal.
You kill the jackal!
You hit the jackal.
You kill the jackal!
No target in view!
No target in view!
No target in view!
No target in view!
No target in view!
No target in view!
No target in view!
No target in view!
No target in view!
No target in view!
Things that are here:
a jackal corpse; a jackal corpse; a jackal corpse You now have 76 gold pieces (gained 11).
g - 2 golden potions An orc comes into view.
It is wielding a +0 short sword.
The orc shouts!
A ball python comes into view.
There are monsters nearby!
There are monsters nearby!
An orc priest comes into view.
It is wielding a +0 short sword of flaming.
Found 17 gold pieces.
The ball python hisses angrily.
The orc priest shouts!
An orc comes into view. It is wielding a +0 club.
The orc priest looks braver for a moment.
The orc shouts!
Things that are here:
a jackal corpse; a jackal corpse; a jackal corpse You punch the orc!
You kill the orc!
The ball python bites you but does no damage.
The ball python barely misses you.
The ball python bites you but does no damage.
The ball python closely misses you.
You see here a +0 short sword.
You hit the ball python.
You kill the ball python!
You hit the orc.
The orc is moderately wounded.
The orc hits you with a +0 club.
You barely miss the orc.
The orc is moderately wounded.
You hit the orc but do no damage.
The orc is moderately wounded.
The orc priest casts a cantrip, but nothing happens.
You block the orc's attack.
You punch the orc!
You kill the orc!
You completely miss the orc priest.
The orc priest invokes the aid of Beogh against you.
Pain shoots through your body!
You barely miss the orc priest.
The orc priest hits you with a +0 short sword of flaming.
The orc priest burns you.
You punch the orc priest!
The orc priest is heavily wounded.
The orc priest calls down the wrath of Beogh upon you.
Pain shoots through your body!
You hit the orc priest.
The orc priest is severely wounded.
You block the orc priest's attack.
You are too injured to fight recklessly!
You hit the orc priest.
The orc priest is almost dead.
The orc priest calls down the wrath of Beogh upon you.
Pain shoots through your body!
* * * LOW HITPOINT WARNING * * *
You hit the orc priest.
The orc priest is almost dead.
The orc priest calls down the wrath of Beogh upon you.
Pain shoots through your body!
You die...

#o.#.#.#
#.o#.#.#
##.S#.#.####.
#............
..$....#.#.####
.###...#......#
#######.##.#
####...#o##.#
.....#.#h##.#
##...#†##.#
##......##.#
####.......##.#
#.........<.#.#
...##.......##.#
...............#
######>..######
##.##


You could see an orc priest.

Vanquished Creatures
  2 adders (D:2)
  5 worms (D:2)
  2 orcs (D:3)
  7 ball pythons
  6 endoplasms
  2 giant cockroaches (D:1)
  5 goblins (D:1)
  5 hobgoblins
  7 jackals
  4 quokkas
  2 bats
  3 frilled lizards
  5 kobolds
  4 rats (D:1)
59 creatures vanquished.

Notes
Turn   | Place    | Note
-------+----------+-------------------------------------------
     0 | D:1      | Flugkiller the Demigod Shapeshifter began the quest for the
                  | Orb.
     0 | D:1      | Reached XP level 1. HP: 15/15 MP: 3/3
    14 | D:1      | Reached skill level 1 in Fighting
   157 | D:1      | Reached skill level 3 in Unarmed Combat
   207 | D:1      | Reached XP level 2. HP: 19/23 MP: 4/4
   725 | D:1      | Reached XP level 3. HP: 29/29 MP: 5/5
  1822 | D:2      | Identified the +1 ring mail "Baegoudd" {Regen+}
  1880 | D:2      | Reached XP level 4. HP: 33/37 MP: 6/6
  2032 | D:2      | Identified a scroll of acquirement
  2035 | D:2      | Acquired an amulet of reflection
  2109 | D:3      | Killed from afar by an orc priest

Illustrated notes

Levels and vault maps discovered:
D:1:      dpeg_arrival_rooms_c, layout_loops_ring,
          chequers_serial_rivers_large_b
D:2:      layout_basic, nicolae_ecumenical_lake_church
D:3:      layout_loops_ring, serial_shops, nicolae_square_shop,
          palyth_stone_intersect, uniq_jessica

Skill      XL: |  1  2 |
---------------+-------+-----
Fighting       | 1 2 |  2.8
Unarmed Combat | 3 |  3.9
Dodging        | |  1.7
Shapeshifting  | |  2.6

Action                     |  1- 3 |  4- 6 || total
---------------------------+-------+-------++-------
  Melee: Unarmed           |   176 |    20 ||   196
         Punch             |     1 |       ||     1
    Use: Scroll            |       |     6 ||     6
   Stab: Sleeping          |     2 |       ||     2
 Armour: Animal skin       |    26 |       ||    26
         Ring mail         |     1 |     3 ||     4
  Dodge: Dodged            |    78 |     8 ||    86
  Block: Other             |       |     3 ||     3

Table legend: (Time is in decaauts)
 A = Elapsed time spent in this place.
 B = Non-inter-level travel time spent in this place.
 C = Inter-level travel time spent in this place.
 D = Time resting spent in this place.
 E = Time spent auto-exploring this place.
 F = Levels seen in this place.
 G = Mean time per level.
                   A        B        C        D        E       F      G
               +--------+--------+--------+--------+--------+-----+--------+
         Total |   2128 |   2117 |     11 |    378 |   1254 |   3 |  709.3 |
       Dungeon |   2128 |   2117 |     11 |    378 |   1254 |   3 |  709.3 |
               +--------+--------+--------+--------+--------+-----+--------+

Top non-repeatable levels by time:
     D:1: 1062 daAuts
     D:2: 1004 daAuts
     D:3: 61 daAuts
